 Dungeon Crawl Stone Soup version 0.23.2 (webtiles) character file.

Game seed: 6432909682968071348

675 Llamajah the Ducker (level 7, -4/52 HPs)
             Began as a Demonspawn Gladiator on June 11, 2019.
             Shot with an arrow by a centaur (10 damage)
             ... on level 6 of the Dungeon.
             The game lasted 00:10:34 (3643 turns).

Llamajah the Ducker (Demonspawn Gladiator)          Turns: 3643, Time: 00:10:35

Health: -4/52      AC: 14    Str: 14    XL:     7   Next: 33%
Magic:  7/7        EV: 14    Int:  9    God:
Gold:   365        SH:  0    Dex: 17    Spells: 6/6 levels left

rFire    . . .     SeeInvis .   l - +4 quarterstaff (chaos)
rCold    . . .     Gourm    .   (shield currently unavailable)
rNeg     . . .     Faith    .   b - +0 leather armour
rPois    .         Spirit   .   c - +0 helmet
rElec    .         Reflect  .   m - +0 cloak
rCorr    .         Harm     .   q - +1 pair of gloves
MR       .....                  p - +0 pair of boots
Stlth    +++++.....             (no amulet)
HPRegen  0.17/turn              C - ring of stealth
MPRegen  0.10/turn              (no ring)

@: sanguine armour
A: talons 2, nightstalker 2, sanguine armour 1
a: no special abilities


You were on level 6 of the Dungeon.
You were near starving.

You visited 1 branch of the dungeon, and saw 6 of its levels.

You collected 365 gold pieces.

Inventory:

Hand Weapons
 a - a +0 long sword
 l - a +4 quarterstaff of chaos (weapon)
Missiles
 d - 3 throwing nets (quivered)
Armour
 b - a +0 leather armour (worn)
 c - a +0 helmet (worn)
 g - a +0 large shield
 m - a +0 cloak (worn)
 p - a +0 pair of boots (worn)
 q - a +1 pair of gloves (worn)
 y - a +0 plate armour
Jewellery
 C - a ring of stealth (left hand)
Wands
 A - a wand of random effects (13)
Scrolls
 e - 4 scrolls of identify {unknown}
 h - a scroll of blinking {unknown}
 k - 3 scrolls of remove curse {unknown}
 o - a scroll of noise {unknown}
 t - a scroll of enchant armour {unknown}
 u - a scroll of teleportation {unknown}
Potions
 i - 2 potions of ambrosia {unknown}
 j - 3 potions of flight {unknown}
 n - a potion of haste {unknown}
 r - a potion of berserk rage {unknown}
 s - a potion of lignification {unknown}
 v - a potion of heal wounds {unknown}
 w - a potion of invisibility {unknown}
 x - 2 potions of magic {unknown}
 z - a potion of curing {unknown}
 B - a potion of agility {unknown}
Comestibles
 f - 7 rations


   Skills:
 + Level 3.5 Fighting
 + Level 3.8 Long Blades
 + Level 2.0 Staves
 + Level 3.3 Throwing
 + Level 2.5 Armour
 * Level 4.7 Dodging
 + Level 0.6 Stealth


You had 6 spell levels left.
You didn't know any spells.
Your spell library was empty.

Dungeon Overview and Level Annotations

Branches:
Dungeon (6/15)             Temple (0/1) D:6

Altars:
Nemelex Xobeh
Qazlal
Yredelemnul


Innate Abilities, Weirdness & Mutations

You have razor-sharp toenails.
You are significantly more attuned to the shadows.
When seriously injured, your bleeding wounds create armour. (AC +6)


Message History

The centaur shoots an arrow.
The arrow hits you!
Your blood congeals into armour.
You see here 3 arrows.
The centaur shoots an arrow.
The arrow closely misses you.
The orc wizard gestures at you while chanting.
The puff of flame hits you!
You see here an arrow.
The centaur shoots an arrow.
The arrow hits you!
* * * LOW HITPOINT WARNING * * *
The centaur shoots an arrow.
The arrow hits you.
* * * LOW HITPOINT WARNING * * *
You see here an arrow.
Really walk into that dispersal trap?
You enter a dispersal trap!
The orc wizard blinks!
The orc blinks!
The centaur blinks!
You blink.
There is an open door here.
The orc priest begins to cast a cantrip, but forgets the words!
The centaur shoots an arrow.
The arrow barely misses you.
The centaur shoots an arrow.
The arrow hits you!
You die...

#.#.#.#... ♣ #.o......
..♣###....##.
>..'...#####.######.
.♣#..oo......<.....(
##..(#####.#.###...
.#####'#..# #.........
.......§§§# ####.####..
#####....(####<.@.#
.....)....#.####..#
..........#.......####
##...#....#....o.....#
#..#..o.(§..####c##.#
#....#...#..# ##'##.#+##
##.#.#...#..###........#
#.#.#...#.............#
#.###..................


You could see a centaur and an orc priest.

Vanquished Creatures
  A water moccasin (D:5)
  A phantom (D:6)
  A water moccasin zombie (D:5)
  2 scorpions
  2 howler monkeys (D:4)
  Crazy Yiuf (D:2)
  An orc wizard (D:3)
  A worker ant (D:4)
  3 adders
  3 oozes
  An adder skeleton (D:4)
  2 leopard geckos
  9 orcs
  9 bats
  4 giant cockroaches
  2 hobgoblins (D:1)
  4 jackals
  3 quokkas (D:3)
  A ball python (D:1)
  5 frilled lizards
  9 goblins
  5 kobolds
  A leopard gecko skeleton (D:5)
  3 rats
74 creatures vanquished.

Vanquished Creatures (others)
  An ogre (D:6)
1 creature vanquished.

Grand Total: 75 creatures vanquished

Notes
Turn   | Place    | Note
-------+----------+-------------------------------------------
     0 | D:1      | Llamajah the Demonspawn Gladiator began the quest for the
                  | Orb.
     0 | D:1      | Reached XP level 1. HP: 16/16 MP: 1/1
    60 | D:1      | Gained mutation: When seriously injured, your bleeding
                  | wounds create armour. (AC +6) [demonic ancestry]
    60 | D:1      | Reached XP level 2. HP: 16/22 MP: 2/2
   191 | D:1      | Reached skill level 3 in Dodging
   755 | D:2      | Found a basalt altar of Yredelemnul.
   798 | D:2      | Gained mutation: You are slightly more attuned to the
                  | shadows. [demonic ancestry]
   798 | D:2      | Reached XP level 3. HP: 28/28 MP: 3/3
   903 | D:2      | Found a stormy altar of Qazlal.
   974 | D:2      | Found a runed translucent door.
   975 | D:2      | Noticed Crazy Yiuf
   981 | D:2      | Killed Crazy Yiuf
   981 | D:2      | Reached skill level 1 in Armour
   981 | D:2      | Gained mutation: You have sharp toenails. [demonic
                  | ancestry]
   981 | D:2      | Reached XP level 4. HP: 34/34 MP: 4/4
  1453 | D:3      | Found a faded altar of an unknown god.
  1559 | D:3      | Reached XP level 5. HP: 23/39 MP: 5/5
  2031 | D:4      | Reached skill level 1 in Staves
  2068 | D:4      | Reached skill level 4 in Dodging
  2068 | D:4      | Gained mutation: You have razor-sharp toenails. [demonic
                  | ancestry]
  2068 | D:4      | Reached XP level 6. HP: 28/47 MP: 6/6
  2745 | D:5      | Entered Level 5 of the Dungeon
  2973 | D:5      | Noticed a water moccasin
  2982 | D:5      | Killed a water moccasin
  2982 | D:5      | Gained mutation: You are significantly more attuned to the
                  | shadows. [demonic ancestry]
  2982 | D:5      | Reached XP level 7. HP: 38/52 MP: 7/7
  3153 | D:5      | Found a sparkling altar of Nemelex Xobeh.
  3618 | D:6      | Found a staircase to the Ecumenical Temple.
  3643 | D:6      | Shot with an arrow by a centaur

Skill      XL: |  1  2  3  4  5  6  7 |
---------------+----------------------+-----
Throwing       | 2 3 |  3.3
Dodging        | 3 4 |  4.7
Long Blades    | 3 |  3.8
Armour         | 1 2 |  2.5
Fighting       | 3 |  3.5
Staves         | 1 2 |  2.0
Stealth        | |  0.6

Action                   |  1- 3 |  4- 6 |  7- 9 || total
-------------------------+-------+-------+-------++-------
Melee: Long sword        |    73 |       |       ||    73
       Quarterstaff      |       |   118 |    17 ||   135
       Kick              |       |     6 |       ||     6
 Stab: Sleeping          |     2 |     6 |       ||     8
       Paralysed         |       |     1 |       ||     1
       Petrified         |       |     2 |       ||     2
  Eat: Chunk             |       |     7 |       ||     7
Armor: Leather armour    |    21 |    42 |     3 ||    66
Dodge: Dodged            |    60 |   122 |    14 ||   196
       Rpst.: Long sword |    24 |       |       ||    24
